 Dungeon Crawl Stone Soup version 0.29.1-1-gd02db6906a (webtiles) character file.

Game seed: 98359023926106205

358255 funnyparkerb the Spry (level 23, -21/180 HPs)
             Began as a Djinni Fire Elementalist on Oct 16, 2022.
             Was the Champion of Ashenzari.
             Killed from afar by a frost giant (42 damage)
             ... with a bolt of cold
             ... on level 5 of the Vaults.
             The game lasted 02:32:46 (40978 turns).

funnyparkerb the Spry (Djinni Fire Elementalist)   Turns: 40978, Time: 02:32:47

Health: -21/180    AC: 23    Str:  5    XL:     23   Next: 41%
Gold:   1839       EV: 15    Int: 30    God:    Ashenzari [******] SH: 35 Dex: 18

rFire   + + +      SeeInvis +   y - +6 whip "Oracular Fortune-Teller" {drain, Contam rElec rF+, Cun, Fort} (curse)
rCold   . . .      Faith    .   U - +18 shield of the Gong {rElec rN+ Will+ EV-5, Self, Melee} (curse)
rNeg    + . .      Spirit   .   N - +5 ring mail of Ashenzari's Scepticism {rC+, Evo, Self} (curse)
rPois   ∞          Reflect  .   Q - +0 helmet of the Unyielding Gaze {Cun, Self} (curse)
rElec   +          Harm     .   x - +2 cloak of the Pangnostic Gnosis {Self, Fort} (curse)
rCorr   .          Rampage  .   K - +0 pair of gloves "Ruined Seeker" {Fort, Range} (curse)
Will    +++..      Clarity  +   (boots unavailable)
Stlth   +++.......              u - amulet of Desmomancy {Regen+, Evo, Self} (curse)
HPRegen 1.20/turn               b - ring "Manifest Soothsayer" {Int+6, Range, Self} (curse)
MPRegen 0.00/turn               t - ring of Ashenzari's Relativism {Slay+4 Stlth+, Fort, Melee} (curse)

@: flying, studying Fighting, invisible
A: sickness immunity, fire resistance 2, cold vulnerability 1, float, innate
caster, HP casting, extra vitality 1, frail 1, weak 1
}: 2/15 runes: decaying, serpentine
a: Renounce Religion, Shatter the Chains


You were on level 5 of the Vaults.
You worshipped Ashenzari.
Ashenzari was exalted by your worship.
You visited 8 branches of the dungeon, and saw 40 of its levels.
You also visited: Gauntlet.

You collected 5376 gold pieces.
You spent 3537 gold pieces at shops.

Inventory:

Hand Weapons
 w - a +0 arbalest
 y - the cursed +6 whip "Oracular Fortune-Teller" (weapon) {drain, Contam rElec rF+, Cun, Fort}
   (You found it on level 7 of the Dungeon)

   A truly terrible weapon, it drains the life of any living foe it strikes.
   rF:        It protects you from fire.
   rElec:     It insulates you from electricity.
   Contam:    It causes magical contamination when unequipped.
   It has a curse which improves the following skills: Cunning: Dodging and
   Stealth.
   Fortitude: Armour and Shields.
Missiles
 f - 10 curare-tipped darts
Armour
 j - the +8 chain mail of Impressiveness {rPois Regen+ SInv}
   (You found it on level 10 of the Dungeon)

   rPois:     It protects you from poison.
   SInv:      It lets you see invisible.
   Regen:     It increases your rate of health regeneration.
 r - the +1 robe of Lust {Harm Will+ Int+3}
   (You found it on level 2 of the Dungeon)

   Int:       It affects your intelligence (+3).
   Harm:      It increases damage dealt and taken.
   Will:      It increases your willpower.
 x - the cursed +2 cloak of the Pangnostic Gnosis (worn) {Self, Fort}
   (You took it off Maurice on level 9 of the Dungeon)

   It has a curse which improves the following skills: Introspection: Fighting
   and Spellcasting.
   Fortitude: Armour and Shields.
 K - the cursed +0 pair of gloves "Ruined Seeker" (worn) {Fort, Range}
   (You found it on level 7 of the Dungeon)

   It has a curse which improves the following skills: Fortitude: Armour and
   Shields.
   Ranged Combat: Ranged Weapons and Throwing.
 N - the cursed +5 ring mail of Ashenzari's Scepticism (worn) {rC+, Evo, Self}
   (You found it on level 7 of the Dungeon)

   It has a curse which improves the following skills: Evocations: Evocations.
   Introspection: Fighting and Spellcasting.
 Q - the cursed +0 helmet of the Unyielding Gaze (worn) {Cun, Self}
   (You found it on level 12 of the Dungeon)

   It has a curse which improves the following skills: Cunning: Dodging and
   Stealth.
   Introspection: Fighting and Spellcasting.
 U - the cursed +18 shield of the Gong (worn) {rElec rN+ Will+ EV-5, Self, Melee}
   (You acquired it on level 1 of the Lair of Beasts)

   It is deafeningly noisy when blocking attacks.
   EV:        It affects your evasion (-5).
   rElec:     It insulates you from electricity.
   rN:        It protects you from negative energy.
   Will:      It increases your willpower.
   It has a curse which improves the following skills: Introspection: Fighting
   and Spellcasting.
   Melee Combat: Short Blades, Long Blades, Axes, Maces & Flails, Polearms,
   Staves and Unarmed Combat.
Jewellery
 a - a ring of protection from fire
 b - the cursed ring "Manifest Soothsayer" (left hand) {Int+6, Range, Self}
   (You found it on level 3 of the Dungeon)

   [ring of intelligence]

   Int:       It affects your intelligence (+6).
   It has a curse which improves the following skills: Ranged Combat: Ranged
   Weapons and Throwing.
   Introspection: Fighting and Spellcasting.
 t - the cursed ring of Ashenzari's Relativism (right hand) {Slay+4 Stlth+, Fort, Melee}
   (You bought it in a shop on level 10 of the Dungeon)

   [ring of slaying]

   Slay:      It affects your accuracy & damage with ranged weapons and melee
   (+4).
   Stlth:     It makes you more stealthy.
   It has a curse which improves the following skills: Fortitude: Armour and
   Shields.
   Melee Combat: Short Blades, Long Blades, Axes, Maces & Flails, Polearms,
   Staves and Unarmed Combat.
 u - the cursed amulet of Desmomancy (around neck) {Regen+, Evo, Self}
   (You found it on level 3 of the Dungeon)

   [amulet of regeneration]

   Regen:     It increases your rate of health regeneration.
   It has a curse which improves the following skills: Evocations: Evocations.
   Introspection: Fighting and Spellcasting.
Wands
 c - a wand of paralysis (10)
 q - a wand of roots (64)
 v - a wand of digging (4)
 L - a wand of polymorph (15)
 O - a wand of flame (22)
 T - a wand of light (7)
 Y - a wand of mindburst (13)
Scrolls
 h - 13 scrolls of teleportation
 l - 6 scrolls of enchant armour
 o - 2 scrolls of blinking
 p - 6 scrolls of noise
 z - 4 scrolls of magic mapping
 B - 6 scrolls of brand weapon
 E - 7 scrolls of fear
 F - 4 scrolls of immolation
 G - a scroll of summoning
 M - 6 scrolls of butterflies
 S - 5 scrolls of poison
 X - 4 scrolls of enchant weapon
Potions
 d - 17 potions of curing
 e - 5 potions of brilliance
 g - 7 potions of attraction
 k - a potion of berserk rage
 m - 2 potions of might
 n - 5 potions of cancellation
 A - a potion of resistance
 D - 8 potions of lignification
 H - 4 potions of ambrosia
 J - 6 potions of degeneration
 P - 5 potions of mutation
Miscellaneous
 i - a phantom mirror
 Z - a tin of tremorstones (2/2)


   Skills:
 - Level 19.0(27) Fighting
 + Level 16.2(22.3) Armour
 + Level 20.9(24.4) Dodging
 - Level 1.6(4.2) Stealth
 + Level 16.5(22.6) Shields
 - Level 19.0(27) Spellcasting
 - Level 5.5(9.3) Evocations


You had 13 spell levels left.
You knew the following spells:

 Your Spells              Type           Power      Damage    Failure   Level
a - Foxfire               Conj/Fire      100%       2x1d9     0%          1
b - Scorch                Fire           100%       2d10      0%          2
c - Conjure Flame         Conj/Fire      100%       6-21      0%          3
d - Inner Flame           Hex/Fire       100%       N/A       0%          3
e - Flame Wave            Conj/Fire      100%       2d21      0%          4
f - Freeze                Ice            100%       1d11      0%          1
g - Blink                 Tloc           100%       N/A       0%          2
h - Ensorcelled Hibernat  Hex/Ice        100%       N/A       0%          2
i - Confusing Touch       Hex            100%       N/A       0%          3
j - Hailstorm             Conj/Ice       100%       3d20      0%          4
k - Agony                 Necr           100%       N/A       0%          5
l - Iron Shot             Conj/Erth      58%        9d11      0%          6
m - Storm Form            Tmut/Air       58%        N/A       1%          7
n - Eringya's Noxious Bo  Tmut/Pois      58%        N/A       0%          6
o - Ozocubu's Refrigerat  Ice            58%        4d20      1%          7
p - Orb of Destruction    Conj           58%        9d14      1%          7
Your spell library was empty.

Dungeon Overview and Level Annotations

Branches:
Dungeon (15/15)            Temple (1/1) D:7            Lair (5/5) D:9
  Swamp (4/4) Lair:2        Snake (4/4) Lair:2        Slime (0/5) Lair:5
    Orc (2/2) D:10            Elf (0/3) Orc:2        Vaults (4/5) D:14
  Crypt (0/3) Vaults:2     Depths (4/4) D:15            Zot (0/5) Depths:4
Gauntlet (visited)

Altars:
Ashenzari
Dithmenos
Elyvilon
Fedhas
Gozag
Makhleb
Nemelex Xobeh
Wu Jian
Xom
Zin

Shops:
D:10 *   D:12 [*   Orc:2 [*(:   Snake:1 :=:   Snake:4 (   Vaults:2 (
Vaults:4 (   Depths:1 ?

Portals:
Hell: Depths:1 Depths:2 Depths:3 Depths:4
Abyss: Depths:2 Depths:3
Pandemonium: Depths:2
Ziggurat: Depths:3
Bazaar: Vaults:3

Annotations:
D:3 2 transporters, Sabo's ghost, amateur OpAE
D:5 3 runed translucent doors, Iamsock's ghost, novice GnWn
D:12 3 runed translucent doors, lonewolfV2's ghost, journeyman DsBe
Swamp:3 Roxanne
Orc:1 1 runed translucent door
Vaults:4 Mennas


Innate Abilities, Weirdness & Mutations

You are immune to sickness and miasma.
You are immune to poison.
Your flesh is very heat resistant. (rF++)
You are vulnerable to cold. (rC-)
You float through the air rather than walking.
You learn spells naturally, not from books.
Your magical power is your life essence.
You have superior vitality. (+4 MHP)
You are frail. (-10% HP)
You are weak. (Str -2)


Message History

You hear a shout!
As you read the scroll of magic mapping, it crumbles to dust.
You feel aware of your surroundings.
The ancient lich gestures at you while chanting.
The bolt of acid hits you!!!
* * * LOW HITPOINT WARNING * * *
The ancient lich casts a spell.
The ancient lich flickers and vanishes for a moment.
The vault warden shoots a bolt.
The bolt hits you!!
* * * LOW HITPOINT WARNING * * *
Blink to where?
Press: ? - help, Dir - move target
As you read the scroll of blinking, it crumbles to dust.
Blink to where?
Press: ? - help, Dir - move target
As you read the scroll of blinking, it crumbles to dust.
You feel better.
Casting: Ozocubu's Refrigeration (safe; 1% risk of failure)
Confirm with . or Enter, or press ? or * to list all spells.
You can't see any susceptible monsters within range! (Use Z to cast anyway.)
Found a book of Decay.
A frost giant comes into view.
It is wielding a +1 battleaxe of freezing.
Casting: Ozocubu's Refrigeration (safe; 1% risk of failure)
Confirm with . or Enter, or press ? or * to list all spells.
Aiming: Iron Shot (safe; 0% risk of failure)
Press: ? - help, Shift-Dir - straight line, f - tentacled monstrosity
Aim: a tentacled monstrosity (lightly wounded, 93% to hit)
Okay, then.
You fade into invisibility!
The frost giant points at you and mumbles some strange words.
The bolt of cold hits you!
* * * LOW HITPOINT WARNING * * *
Okay, then.
As you read the scroll of fear, it crumbles to dust.
You assume a fearsome visage.
The tentacled monstrosity looks frightened!
The frost giant resists with some effort.
The frost giant casts a spell at you. The bolt of cold hits you!!!
You die...

,,,,#.......###..####
,,,,##.......##..####
,,,,,#pL)....##..####
,,,,,#...H...##..####
**,,,##.......#..####
***∆,#.......#..####
**,**,,,...#.X#### **
*,,***,...#..####
,*****,,,**##.#.@####
,,,,,*,,,,{...#..####
,,,,,*,,,,,...#..####
,,,,,**,,,,...#..####
,,,,,,*,,,,...#..####
,,,,,,**,,,,,,#C.#
**,,,,,***,,,,...#
,****,,,,****,#..#
,,,,,,,,,,,,,,,,,*


You could see a tentacled monstrosity (fleeing) and a frost giant.

Vanquished Creatures
  A juggernaut (Depths:3)
  Margery (Depths:1)
  4 golden dragons
  2 bone dragons
  A tentacled monstrosity (Vaults:5)
  4 liches
  A walking crystal tome (Depths:2)
  A walking earthen tome (Depths:3)
  Asterion (Snake:3)
  5 sphinxes
  A thorn hunter (Swamp:3)
  Kirke (Snake:1)
  Donald (Snake:1)
  2 storm dragons (Depths:4)
  3 tengu reavers
  2 shadow dragons (Depths:1)
  11 nagarajas
  An azure jelly (Lair:5)
  A daeva (Depths:1)
  5 frost giants
  5 fire giants
  A draconian scorcher (Depths:4)
  Aizul (Snake:1)
  2 orc warlords
  10 vault wardens
  An angel (Depths:1)
  A draconian annihilator (Depths:4)
  2 war gargoyles
  2 ghouls (Swamp:1)
  10 ironbound preservers
  11 very ugly things
  5 ironbound thunderhulks
  A juggernaut skeleton (Depths:1)
  3 eleionomae
  3 green draconians (Depths:4)
  13 stone giants
  2 vampire knights
  A red draconian (Depths:4)
  2 purple draconians (Depths:4)
  A black draconian (Depths:4)
  4 bunyips
  An entropy weaver (shapeshifter) (Depths:2)
  2 entropy weavers (Vaults:2)
  17 dire elephants
  A spark wasp (Depths:1)
  A crystal guardian (Vaults:2)
  10 ettins
  6 fire dragons
  11 yaktaur captains
  4 great orbs of eyes
  16 hydras
  5 rakshasas
  11 ice dragons
  6 spriggan air magi
  A spriggan skeleton (Depths:1)
  3 ghost crabs
  11 ironbound frosthearts
  3 catoblepae
  A peacekeeper (Vaults:2)
  2 salamander tyrants (Snake:4)
  5 boulder beetles
  9 alligators
  35 vault guards
  6 anacondas
  A two-headed ogre (shapeshifter) (Depths:4)
  15 centaur warriors
  The ghost of Michael the Ruffian, a novice TrGl of Makhleb (Lair:2)
  9 naga warriors
  A two-headed ogre (D:10)
  14 death yaks
  5 deep troll earth magi
  9 naga sharpshooters
  3 orc high priests
  10 tengu warriors
  10 deep troll shamans
  A vampire mage (Depths:1)
  A soul eater (Depths:2)
  9 iron trolls
  7 hell knights
  6 shock serpents
  8 spriggan berserkers
  Amaemon (Lair:1)
  7 goliath frogs
  27 deep trolls
  A flayed ghost (Depths:3)
  3 swamp dragons
  5 salamander mystics (Snake:4)
  2 spectral hydras (Swamp:4)
  4 naga ritualists
  2 glowing orange brains
  5 spriggan druids
  7 wizards
  A lindwurm (shapeshifter) (Vaults:5)
  7 bog bodies
  13 ironbound convokers
  5 orc knights
  2 necromancers (Depths:1)
  10 lindwurms
  A harpy (shapeshifter) (D:14)
  A stone giant zombie (Depths:1)
  8 mana vipers
  Pikel (D:6)
  4 phantasmal warriors
  2 wolf spiders (D:15)
  3 harpies (Vaults:1)
  A deep elf pyromancer (D:12)
  24 ugly things
  An oklob plant (Swamp:4)
  5 orc sorcerers (Orc:2)
  3 cyclopes
  2 manticores
  11 elephants
  4 will-o-the-wisps
  24 black mambas
  A frost giant skeleton (Depths:1)
  10 salamanders
  7 guardian serpents
  A black mamba (shapeshifter) (D:15)
  13 naga magi
  13 vault sentinels
  Maurice (D:9)
  An orange demon (Lair:1)
  2 gargoyles
  7 cane toads
  An efreet (D:15)
  2 unseen horrors
  An unseen horror (shapeshifter) (D:15)
  2 molten gargoyles (Depths:2)
  3 rime drakes
  15 yaktaurs
  6 komodo dragons
  6 tengu conjurers
  A kobold demonologist (D:14)
  5 swamp worm zombies (Swamp:4)
  2 ice devils (Depths:2)
  A tormentor (Depths:2)
  A freezing wraith (Vaults:4)
  3 trolls
  2 hydra zombies (Swamp:4)
  3 polar bears
  24 slime creatures
  6 bloated husks
  4 blink frogs (Lair:2)
  12 hornets
  A frost giant simulacrum (Depths:1)
  9 tyrant leeches
  2 spriggan zombies (Depths:1)
  Grinder (D:5)
  3 alligator zombies (Swamp:4)
  A snapping turtle (shapeshifter) (Depths:4)
  2 spectral swamp dragons (Swamp:4)
  A stone giant simulacrum (Depths:1)
  2 centaur simulacra (D:14)
  4 wyverns
  4 wraiths
  13 spriggans
  A spriggan (shapeshifter) (D:15)
  3 shadows
  6 vampires
  3 hogs (Snake:1)
  43 yaks
  4 basilisks
  A steam dragon (D:10)
  3 redbacks (Vaults:2)
  8 vampire mosquitoes
  A chaos spawn (Depths:2)
  A redback simulacrum (D:14)
  18 swamp worms
  26 nagas
  7 water moccasins
  An acid dragon (D:12)
  A floating eye (Depths:1)
  Duvessa (D:6)
  36 orc warriors
  3 swamp drakes
  5 swamp dragon zombies (Swamp:4)
  3 ice beasts (D:7)
  7 ogres
  2 black bears
  10 centaurs
  15 wolves
  5 phantoms (Swamp:4)
  3 kobold brigands
  14 bullfrogs
  2 scorpions (D:4)
  4 wights (D:7)
  Dowan (D:6)
  9 killer bees (D:9)
  2 electric eels (Lair:1)
  A vampire bat (D:4)
  6 howler monkeys
  2 lava snakes (Lair:1)
  6 jellies
  2 hounds
  28 orc priests
  A gnoll bouda (D:7)
  48 orc wizards
  Natasha (twice) (D:2)
  3 iguanas
  A hell rat (D:9)
  2 spectral swamp drakes (Swamp:4)
  4 gnolls
  4 adders
  A river rat (D:9)
  2 swamp drake zombies (Swamp:4)
  A shadow imp (D:7)
  2 white imps
  A worm (D:2)
  3 dart slugs
  3 fire bats (D:4)
  95 orcs
  2 spectral bats (D:4)
  8 ball pythons
  15 bats
  3 bat skeletons (D:4)
  A bat zombie (D:4)
  9 endoplasms
  2 giant cockroaches
  4 goblins
  7 hobgoblins
  3 jackals (D:3)
  4 quokkas
  A bat simulacrum (D:4)
  4 frilled lizards (D:3)
  13 kobolds
  A rat (D:1)
  A butterfly (Lair:1)
  10 foxfires
1358 creatures vanquished.

Vanquished Creatures (collateral kills)
  7 foxfires
7 creatures vanquished.

Vanquished Creatures (others)
  A bloated husk (Swamp:2)
  A slime creature (Vaults:3)
  A vampire mosquito (Swamp:2)
  1616 foxfires
  34 fungi
  38 plants
1691 creatures vanquished.

Grand Total: 3056 creatures vanquished

Notes
Turn   | Place    | Note
-------+----------+-------------------------------------------
     0 | D:1      | funnyparkerb the Djinni Fire Elementalist began the quest
                  | for the Orb.
     0 | D:1      | funnyparkerb set off with the following spells memorised:
                  | Foxfire, Scorch, Conjure Flame, Inner Flame, Flame Wave.
     0 | D:1      | Reached XP level 1. HP: 15/15 MP: 0/0
   371 | D:1      | Found a faded altar of an unknown god.
   398 | D:1      | Reached XP level 2. HP: 22/22 MP: 0/0
   674 | D:1      | Reached skill level 1 in Fighting
   832 | D:1      | Reached XP level 3. HP: 23/27 MP: 0/0
   832 | D:1      | Learned a level 1 spell: Freeze
  1472 | D:2      | Noticed Natasha
  1477 | D:2      | Killed Natasha
  1478 | D:2      | Reached XP level 4. HP: 25/33 MP: 0/0
  1924 | D:2      | Identified the +1 robe of Lust {Harm Will+ Int+3}
  2336 | D:2      | Noticed Natasha
  2343 | D:2      | Killed Natasha
  2344 | D:2      | Reached XP level 5. HP: 31/38 MP: 0/0
  2344 | D:2      | Learned a level 2 spell: Blink
  2451 | D:3      | Found a glowing silver altar of Zin.
  2618 | D:3      | Noticed Sabo's ghost (amateur OpAE)
  2644 | D:3      | Found a transporter.
  2649 | D:3      | Found a transporter.
  2916 | D:3      | Noticed an ogre
  2923 | D:3      | Killed an ogre
  2924 | D:3      | Reached XP level 6. HP: 44/45 MP: 0/0
  3271 | D:4      | Noticed an ogre
  3277 | D:4      | Killed an ogre
  3278 | D:4      | Reached XP level 7. HP: 49/50 MP: 0/0
  3278 | D:4      | Learned a level 2 spell: Ensorcelled Hibernation
  3408 | D:4      | Reached skill level 5 in Spellcasting
  4016 | D:4      | Reached XP level 8. HP: 58/58 MP: 0/0
  4173 | D:5      | Entered Level 5 of the Dungeon
  4195 | D:5      | You are sucked into a shaft and drop 2 floors!
  4201 | D:7      | Identified the +6 whip of the Bashing Seeker {drain, Contam
                  | rElec rF+}
  4225 | D:6      | Noticed Duvessa
  4226 | D:6      | Noticed Dowan
  4231 | D:6      | Killed Dowan
  4235 | D:6      | Killed Duvessa
  4236 | D:6      | Reached skill level 5 in Fighting
  4322 | D:6      | Noticed Pikel
  4331 | D:6      | Killed Pikel
  4332 | D:6      | Reached XP level 9. HP: 61/66 MP: 0/0
  4332 | D:6      | Learned a level 3 spell: Confusing Touch
  4512 | D:5      | Noticed Grinder
  4517 | D:5      | Killed Grinder
  4599 | D:5      | Found a runed translucent gate.
  4600 | D:5      | Found a runed translucent gate.
  4600 | D:5      | Noticed Iamsock's ghost (novice GnWn)
  4601 | D:5      | Found a runed translucent gate.
  4657 | D:5      | Found a blossoming altar of Fedhas.
  5601 | D:7      | Found a staircase to the Ecumenical Temple.
  5608 | Temple   | Entered the Ecumenical Temple
  5612 | Temple   | Became a worshipper of Ashenzari the Shackled
  5732 | D:7      | Reached XP level 10. HP: 73/75 MP: 0/0
  6928 | D:8      | Reached * piety under Ashenzari
  6928 | D:8      | Identified a scroll of acquirement
  6929 | D:8      | Acquired 891 gold pieces
  7214 | D:9      | Found a burning altar of Makhleb.
  7220 | D:9      | Found a shadowy altar of Dithmenos.
  7233 | D:9      | Found an ornate altar of the Wu Jian Council.
  7408 | D:9      | Found a staircase to the Lair.
  7413 | D:9      | Noticed a death yak
  7413 | D:9      | Noticed a death yak
  7413 | D:9      | Noticed a death yak
  7479 | D:9      | Noticed Maurice
  7488 | D:9      | Killed Maurice
  7543 | D:9      | Reached skill level 1 in Evocations
  7733 | D:8      | Killed a death yak
  7734 | D:8      | Reached skill level 10 in Spellcasting
  7734 | D:8      | Reached XP level 11. HP: 45/85 MP: 0/0
  7734 | D:8      | Learned a level 4 spell: Hailstorm
  7796 | D:9      | Reached ** piety under Ashenzari
  7811 | D:10     | Entered Level 10 of the Dungeon
  7944 | D:10     | Found Zeonutirch's Assorted Antiques.
  7947 | D:10     | Bought a brightly glowing lead ring for 135 gold pieces
  7947 | D:10     | Identified the ring "Buotoubi" {Slay+4 Stlth+} (You bought
                  | it in a shop on level 10 of the Dungeon)
  8096 | D:10     | Noticed a two-headed ogre
  8112 | D:10     | Killed a two-headed ogre
  8158 | D:10     | Reached skill level 10 in Fighting
  8202 | D:10     | Identified the +8 chain mail of Impressiveness {rPois
                  | Regen+ SInv}
  8309 | D:10     | Found a staircase to the Orcish Mines.
  8615 | D:11     | Found a gate leading to a gauntlet.
  8638 | Gauntlet | Entered a Gauntlet
  8638 | Gauntlet | Noticed a large abomination
  8638 | Gauntlet | Identified the amulet of the Pariah {Faith Harm Fragile
                  | Will+++ Int-5}
  8638 | Gauntlet | Found a transporter.
  8638 | Gauntlet | Found a transporter.
  8638 | Gauntlet | Found a transporter.
  8642 | Gauntlet | Found a transporter.
  8649 | Gauntlet | Noticed a catoblepas
  8652 | Gauntlet | Found a transporter.
  8667 | Gauntlet | Found a transporter.
  8675 | Gauntlet | Found a transporter.
  8696 | Gauntlet | Found a transporter.
  8700 | Gauntlet | Found a transporter.
  8718 | Gauntlet | Found a transporter.
  8756 | Gauntlet | Found a transporter.
  8772 | Gauntlet | Found a transporter.
  9801 | D:12     | Noticed a cyclops
  9812 | D:12     | Killed a cyclops
  9952 | D:12     | Found Pekh's Armour Boutique.
 10075 | D:12     | Noticed a manticore
 10083 | D:12     | Killed a manticore
 10084 | D:12     | Reached XP level 12. HP: 89/96 MP: 0/0
 10215 | D:12     | Found a blossoming altar of Fedhas.
 10222 | D:12     | Found a runed translucent gate.
 10222 | D:12     | Found a runed translucent gate.
 10223 | D:12     | Found a runed translucent gate.
 10224 | D:12     | Found an opulent altar of Gozag.
 10226 | D:12     | Found Panunlewke's Assorted Antiques.
 10226 | D:12     | Noticed a fire dragon
 10227 | D:12     | Noticed lonewolfV2's ghost (journeyman DsBe)
 10227 | D:12     | Noticed a seven-headed hydra
 10227 | D:12     | Noticed a tengu reaver
 10270 | D:12     | Reached skill level 3 in Dodging
 10830 | D:9      | Killed a death yak
 10831 | D:9      | Reached skill level 4 in Dodging
 10834 | D:9      | Killed a death yak
 10914 | Lair:1   | Entered Level 1 of the Lair of Beasts
 11038 | Lair:1   | Acquired the +18 shield of the Gong {rElec rN+ Will+ EV-5}
 11038 | Lair:1   | Found the +18 shield of the Gong {rElec rN+ Will+ EV-5}
 11053 | Lair:1   | Noticed a seven-headed hydra
 11061 | Lair:1   | Killed a seven-headed hydra
 11062 | Lair:1   | Reached skill level 5 in Dodging
 11081 | Lair:1   | Noticed Amaemon
 11091 | Lair:1   | Killed Amaemon
 11695 | Lair:1   | Reached skill level 6 in Dodging
 11853 | Lair:2   | Reached *** piety under Ashenzari
 11873 | Lair:2   | Noticed an eight-headed hydra
 11875 | Lair:2   | Noticed a five-headed hydra
 11878 | Lair:2   | Killed an eight-headed hydra
 11882 | Lair:2   | Killed a five-headed hydra
 11883 | Lair:2   | Reached skill level 5 in Shields
 11889 | Lair:2   | Noticed an eight-headed hydra
 11896 | Lair:2   | Killed an eight-headed hydra
 11910 | Lair:2   | Reached skill level 7 in Dodging
 11910 | Lair:2   | Reached XP level 13. HP: 46/106 MP: 0/0
 11910 | Lair:2   | Learned a level 5 spell: Agony
 12075 | Lair:2   | Found a staircase to the Snake Pit.
 12152 | Lair:2   | Found a runed translucent door.
 12153 | Lair:2   | Noticed Michael's ghost (novice TrGl)
 12186 | Lair:2   | Reached skill level 8 in Dodging
 12466 | Lair:2   | Found a staircase to the Swamp.
 12685 | Lair:2   | Killed Michael's ghost
 12952 | Lair:3   | Reached skill level 9 in Dodging
 13467 | Lair:4   | Noticed a four-headed hydra
 13474 | Lair:4   | Killed a four-headed hydra
 13501 | Lair:4   | Noticed a catoblepas
 13527 | Lair:4   | Killed a catoblepas
 13759 | Lair:4   | Reached skill level 10 in Dodging
 14147 | Lair:5   | Entered Level 5 of the Lair of Beasts
 14147 | Lair:5   | Noticed a catoblepas
 14147 | Lair:5   | Noticed a seven-headed hydra
 14193 | Lair:5   | Reached XP level 14. HP: 92/117 MP: 0/0
 14544 | Lair:5   | Reached skill level 11 in Dodging
 14832 | Lair:5   | Found a staircase to the Slime Pits.
 15113 | Lair:5   | Noticed an azure jelly
 15119 | Lair:5   | Killed an azure jelly
 15120 | Lair:5   | Reached skill level 12 in Dodging
 15693 | Orc:1    | Entered Level 1 of the Orcish Mines
 15816 | Orc:1    | Reached XP level 15. HP: 78/125 MP: 0/0
 15816 | Orc:1    | Learned a level 6 spell: Iron Shot
 16429 | Orc:1    | Found a runed translucent door.
 16429 | Orc:1    | Noticed a balrug
 16797 | Orc:2    | Entered Level 2 of the Orcish Mines
 17081 | Orc:2    | Noticed an orc warlord
 17147 | Orc:1    | Killed an orc warlord
 17391 | Orc:2    | Found a staircase to the Elven Halls.
 17442 | Orc:2    | Reached **** piety under Ashenzari
 17593 | D:10     | Bought a scroll of acquirement for 1404 gold pieces
 17593 | D:10     | Acquired a manual of Fighting
 17882 | Orc:2    | Found Ecasm's Antique Armour Shop.
 17883 | Orc:2    | Found Xacuneg's Antique Weapon Shop.
 17885 | Orc:2    | Found Haatocza's General Store.
 17885 | Orc:2    | Found Ykaack's Book Boutique.
 17890 | Orc:2    | Bought a glowing helmet for 270 gold pieces
 18266 | Swamp:1  | Entered Level 1 of the Swamp
 18349 | Swamp:1  | Reached skill level 13 in Dodging
 18498 | Swamp:1  | Identified the +8 war axe of Wefuziabb {venom, +Blink rC+
                  | Str+3}
 18929 | Swamp:1  | Reached skill level 15 in Fighting
 18929 | Swamp:1  | Reached skill level 1 in Armour
 19013 | Swamp:2  | Noticed a ghoul
 19013 | Swamp:2  | Noticed a ghoul
 19023 | Swamp:1  | Killed a ghoul
 19029 | Swamp:1  | Killed a ghoul
 19294 | Swamp:2  | Reached XP level 16. HP: 81/139 MP: 0/0
 19531 | Swamp:2  | Reached ***** piety under Ashenzari
 19687 | Swamp:3  | Noticed Roxanne
 19704 | Swamp:3  | Reached skill level 14 in Dodging
 19711 | Swamp:3  | Noticed a thorn hunter
 20160 | Swamp:3  | Killed a thorn hunter
 20418 | Swamp:4  | Entered Level 4 of the Swamp
 20479 | Swamp:4  | Acquired a manual of Armour
 20641 | Swamp:4  | Reached skill level 5 in Evocations
 20782 | Swamp:4  | Reached skill level 15 in Dodging
 21249 | Swamp:4  | Noticed a bone dragon
 21357 | Swamp:4  | Killed a bone dragon
 21358 | Swamp:4  | Reached XP level 17. HP: 109/151 MP: 0/0
 21358 | Swamp:4  | Learned a level 7 spell: Storm Form
 21514 | Swamp:4  | Got a decaying rune of Zot
 21669 | Snake:1  | Entered Level 1 of the Snake Pit
 21669 | Snake:1  | Noticed Kirke
 21674 | Snake:1  | Killed Kirke
 21766 | Snake:1  | Reached skill level 5 in Armour
 21948 | Snake:1  | Reached ****** piety under Ashenzari
 22078 | Snake:1  | Found Hyojil's Book Emporium.
 22078 | Snake:1  | Found Wegg's Jewellery Shop.
 22079 | Snake:1  | Found Mauthu's Book Emporium.
 22088 | Snake:1  | Bought a manual of Shields for 1200 gold pieces
 22188 | Snake:1  | Noticed Donald
 22192 | Snake:1  | Noticed Aizul
 22193 | Snake:1  | Killed Donald
 22203 | Snake:1  | Killed Aizul
 23022 | Snake:2  | Reached skill level 15 in Spellcasting
 23029 | Snake:2  | Reached skill level 16 in Dodging
 23053 | Snake:2  | Identified the cursed +2 cloak of the Pangnostic Gnosis
                  | {Self, Fort} (You took it off Maurice on level 9 of the
                  | Dungeon)
 23053 | Snake:2  | Identified the cursed +0 helmet of the Unyielding Gaze
                  | {Cun, Self} (You found it on level 12 of the Dungeon)
 23053 | Snake:2  | Identified the cursed +0 pair of gloves "Ruined Seeker"
                  | {Fort, Range} (You found it on level 7 of the Dungeon)
 23053 | Snake:2  | Identified the cursed +5 ring mail of Ashenzari's
                  | Scepticism {rC+, Evo, Self} (You found it on level 7 of the
                  | Dungeon)
 23574 | Snake:3  | Noticed Asterion
 23590 | Snake:3  | Gained mutation: You are weak. (Str -2) [a cacodemon]
 23592 | Snake:3  | Gained mutation: You are frail. (-10% HP) [a cacodemon]
 23594 | Snake:3  | Killed Asterion
 23922 | Snake:3  | Reached XP level 18. HP: 93/146 MP: 0/0
 24369 | Snake:4  | Entered Level 4 of the Snake Pit
 24785 | Snake:4  | Reached skill level 17 in Dodging
 24894 | Snake:4  | Got a serpentine rune of Zot
 24954 | Snake:4  | Found Zytoklem's Weapon Shop.
 25514 | D:13     | Identified the +3 war axe of Inflation {antimagic, rC+}
 26281 | D:14     | Found a gate to the Vaults.
 26705 | D:15     | Entered Level 15 of the Dungeon
 26969 | D:15     | Found a staircase to the Depths.
 26981 | D:15     | Reached XP level 19. HP: 146/156 MP: 0/0
 26981 | D:15     | Learned a level 6 spell: Eringya's Noxious Bog
 27601 | Vaults:1 | Entered Level 1 of the Vaults
 27662 | Vaults:1 | Reached skill level 10 in Armour
 28136 | Vaults:1 | Reached skill level 10 in Shields
 28591 | Vaults:1 | Reached skill level 18 in Dodging
 29149 | Vaults:2 | Found a staircase to the Crypt.
 29685 | Vaults:2 | Reached XP level 20. HP: 108/162 MP: 0/0
 29691 | Vaults:2 | HP: 7/162 [ironbound frostheart/creeping frost (31)]
 30658 | Vaults:2 | Found Soewuc's Weapon Emporium.
 31402 | Vaults:3 | Found a gateway to a bazaar.
 32181 | Vaults:4 | Found Osodeh's Antique Weapon Boutique.
 32254 | Vaults:4 | Reached skill level 19 in Dodging
 32453 | Vaults:4 | Reached XP level 21. HP: 117/168 MP: 0/0
 32453 | Vaults:4 | Learned a level 7 spell: Ozocubu's Refrigeration
 33445 | Depths:1 | Entered Level 1 of the Depths
 34005 | Depths:1 | Noticed Margery
 34014 | Depths:1 | Killed Margery
 34028 | Depths:1 | Found a gateway to Hell.
 34050 | Depths:1 | HP: 5/168 [frost giant/bolt of cold (51)]
 34510 | Depths:1 | Found Poruti's Magic Scroll Emporium.
 34516 | Depths:1 | Bought a scroll of blinking for 120 gold pieces
 34516 | Depths:1 | Bought a scroll of blinking for 120 gold pieces
 34516 | Depths:1 | Bought 2 scrolls of butterflies for 128 gold pieces
 34516 | Depths:1 | Bought a scroll of teleportation for 48 gold pieces
 34516 | Depths:1 | Bought a scroll of fear for 64 gold pieces
 34516 | Depths:1 | Bought a scroll of teleportation for 48 gold pieces
 34728 | Depths:1 | HP: 5/168 [spriggan air mage/the air (12)]
 35803 | Depths:2 | Noticed a golden dragon
 35816 | Depths:2 | Killed a golden dragon
 36392 | Depths:2 | Reached skill level 15 in Shields
 36503 | Depths:2 | Reached XP level 22. HP: 151/174 MP: 0/0
 36549 | Depths:2 | Found a one-way gate leading to the halls of Pandemonium.
 36612 | Depths:2 | Found a one-way gate to the infinite horrors of the Abyss.
 36964 | Depths:2 | Noticed a golden dragon
 37386 | Depths:3 | Found a one-way gateway to a ziggurat.
 37494 | Depths:3 | Identified the +10 flail "Moami" {flame, Will+}
 37495 | Depths:3 | Noticed a juggernaut
 37809 | Depths:3 | Killed a juggernaut
 37810 | Depths:3 | Reached skill level 15 in Armour
 37898 | Depths:3 | Reached skill level 20 in Dodging
 38230 | Depths:4 | Entered Level 4 of the Depths
 38449 | Depths:4 | HP: 6/174 [ice dragon/blast of cold (35)]
 38851 | Depths:4 | Noticed a bone dragon
 38853 | Depths:4 | Noticed a golden dragon
 38861 | Depths:4 | Killed a golden dragon
 38865 | Depths:4 | Killed a bone dragon
 39007 | Depths:4 | Found a gate to the Realm of Zot.
 39789 | Depths:2 | Noticed a golden dragon
 39799 | Depths:2 | Killed a golden dragon
 39946 | Depths:2 | Killed a golden dragon
 39952 | Depths:2 | Reached XP level 23. HP: 153/180 MP: 0/0
 39952 | Depths:2 | Learned a level 7 spell: Orb of Destruction
 40310 | Vaults:5 | Entered Level 5 of the Vaults
 40517 | Vaults:5 | Noticed Mennas
 40913 | Vaults:5 | Noticed a golden dragon
 40964 | Vaults:5 | Noticed an ancient lich
 40964 | Vaults:5 | Identified the +2 short sword of the Sharp God {freeze,
                  | Dex+3}
 40978 | Vaults:5 | Killed from afar by a frost giant

Illustrated notes

Levels and vault maps discovered:
D:1:      lightli_arrival_quake, layout_basic, shapermc_ecumenical_altar_ellora,
          minmay_misc_feat_chi
D:2:      layout_loops_corners, minmay_small_reverse_x, uniq_natasha
D:3:      layout_loops_ring, zin_statuary, gammafunk_ghost_gnarly_gnolls
D:4:      layout_cave_pods, goddamned_bats
D:5:      layout_basic, grunt_temple_overflow_growth_and_decay,
          ebering_ghost_rock_garden, uniq_grinder
D:6:      layout_loops_cross, uniq_duvessa, uniq_pikel
D:7:      minmay_flawed_box, layout_basic, minmay_temple_entry_arrows,
          serial_co_window_serial, co_window_paths_b, co_window_paths_b,
          co_window_paths_b, co_window_cross_1, co_window_of_opportunity_a,
          co_window_of_opportunity_b, co_window_corner_b,
          co_window_unsneaky_path_c, co_window_2corner, co_window_broadway_b,
          co_window_corner_b
D:8:      layout_cave_pools
D:9:      layout_rooms, nicolae_overflow_hallway_of_the_gods,
          dpeg_lair_monsters, uniq_maurice
D:10:     layout_roguey, orc_0_dummy, serial_shops, nicolae_shop_trees,
          hangedman_abyss_or_decor_passed
D:11:     layout_small_grid, gauntlet_entry_generic, minivault_23
D:12:     layout_basic, serial_shops, nicolae_shop_statue_plus,
          ebering_ghost_gozag, fedhas_altar_2
D:13:     layout_roguey
D:14:     layout_roguey, erik_vaults_2, minmay_misc_feat_plants
D:15:     hangedman_depths_entry_try_elsewhere_first, layout_stronghold
Temple:   zaba_magenta_temple
Lair:1:   layout_hall_layers, nicolae_lair_liquid_snakes, lemuel_fruit_fields,
          uniq_amaemon
Lair:2:   layout_long_grid, palyth_hydra_swamp_entry, dummy_snake_entry,
          ebering_ghost_inner_flame
Lair:3:   layout_big_grid
Lair:4:   layout_misc_corridors
Lair:5:   grunt_lair_end_beastmaster, layout_hall_layers,
          minmay_slime_entry_pillars, nicolae_lair_time_for_slime,
          lemuel_fruit_fields
Swamp:1:  layout_falls_marsh, serial_swamp_ruin, hangedman_swamp_ruin_wall,
          evilmike_swamp_ruin_rubble_2
Swamp:2:  layout_falls_marsh, evilmike_swamp_ruin_house_2
Swamp:3:  layout_falls_marsh, evilmike_swamp_ruin_rubble_1,
          nicolae_swamp_small_spring, uniq_roxanne
Swamp:4:  swamp_pestilence, layout_basic_swamp
Snake:1:  layout_chambers, grunt_megastairs_1, minmay_shop_grove, uniq_kirke,
          uniq_donald, uniq_aizul
Snake:2:  nicolae_aizul_guard, layout_rooms
Snake:3:  layout_onion, nicolae_integral_box, uniq_asterion
Snake:4:  johnstein_snake_rune_scales, layout_misc_corridors, serial_shops,
          nicolae_shop_waterfront, serial_bayou_pond_e
Orc:1:    dreamdust_dug_too_deep, layout_diamond_mine, guppyfry_library_mini
Orc:2:    st_orc_congregation, layout_caves, basic_altar
Vaults:1: ontoclasm_vaults_chip, ontoclasm_vaults_fault,
          nicolae_vaults_border_crossing, v_misc_29, vaults_mumra_minichess,
          v_misc_18, v_misc_24, nicolae_vaults_know_your_exits,
          ontoclasm_vaults_claustrophobia, ontoclasm_vaults_bender,
          vaults_dpeg_ring, nicolae_vaults_little_squares_6,
          layout_vaults_omnibox
Vaults:2: minmay_crypt_entry_vampire_xt, dpeg_vaults_monster_box,
          hangedman_vaults_restitches, hangedman_vaults_slice, v_alt_pattern_4,
          vaults_dpeg_doors, v_rooms_4, hangedman_vaults_stitches,
          ontoclasm_vaults_chip, grunt_vaults_hallway_long, vaults_room_hallway,
          layout_vaults_ring, serial_shops,
          nicolae_shop_temple_entry_statues_fountains
Vaults:3: v_misc_17, ontoclasm_vaults_chip, v_pattern_5, vaults_room_hallway,
          nicolae_vaults_mini_display_case, vaults_room_semicircle,
          ontoclasm_vaults_misaligned, grunt_vaults_funnel, vaults_room_pools,
          vaults_mumra_hexcomb, vaults_room_hallway, layout_vaults_omnicross,
          serial_shops, freezing_bzr
Vaults:4: v_misc_28, nicolae_vaults_little_squares_3, grunt_vaults_bifocal,
          v_misc_28, v_misc_28, vaults_room_grunt_arrival_ludios,
          nicolae_vaults_ring_of_whatevers, layout_vaults_quadrants,
          serial_shops, shop
Vaults:5: serial_shops, uniq_mennas
Depths:1: abrahamwl_protected_by_tso_1, layout_gridlike, grunt_metal_band,
          serial_shops, shop, minmay_fountain_box,
          nicolae_concentric_dashed_squares_mild, minmay_hollow_rounded_squares
Depths:2: minmay_isolated_rectangles_in_corner, layout_cave_pools,
          grunt_hell_entry_dis_mu, abyss_entry_crystal, kennysheep_minor_cross,
          rand_demon_pan_entry_3
Depths:3: kennysheep_windowed_halls, layout_cave_shapes, enter_ziggurat_f,
          hell_entry, abyss_entry, hex_medium
Depths:4: grunt_zot_entry_gee_three, layout_cave_shapes, hell_entry,
          serial_shops, bzr_in_the_mist

Skill      XL: |  1  2  3  4  5  6  7  8  9 10 11 12 13 14 15 16 17 18 19 20 21 22 23 |
---------------+----------------------------------------------------------------------+-----
Fighting       | 1 2 3 4 6 7 9 10 11 12 13 15 16 17 19 | 19.0
Spellcasting   | 3 4 5 7 8 10 11 12 13 14 15 16 17 18 19 | 19.0
Evocations     | 1 4 5 |  5.5
Dodging        | 7 10 12 13 15 16 17 18 19 20 | 20.9
Shields        | 6 8 11 13 15 16 | 16.5
Armour         | 2 4 7 9 12 13 14 15 16 | 16.2
Stealth        | |  1.6

Action                   |  1- 3 |  4- 6 |  7- 9 | 10-12 | 13-15 | 16-18 | 19-21 | 22-24 || total
-------------------------+-------+-------+-------+-------+-------+-------+-------+-------++-------
Melee: Short sword       |     8 |       |       |       |       |       |       |       ||     8
       Unarmed           |     2 |       |       |       |       |     1 |       |       ||     3
       Punch             |     1 |       |       |     1 |       |       |       |       ||     2
       Whip              |       |       |       |     4 |     3 |       |       |       ||     7
 Cast: Foxfire           |    46 |    76 |   195 |   271 |   384 |    23 |       |       ||   995
       Scorch            |     8 |    23 |    66 |   172 |    82 |       |       |       ||   351
       Conjure Flame     |       |     5 |     4 |    13 |     3 |     8 |    15 |       ||    48
       Freeze            |       |       |     3 |       |       |       |       |       ||     3
       Blink             |       |       |       |    15 |    18 |    16 |    13 |    11 ||    73
       Ensorcelled Hiber |       |       |       |     3 |       |       |       |       ||     3
       Confusing Touch   |       |       |       |     4 |     2 |       |       |       ||     6
       Hailstorm         |       |       |       |    20 |    95 |     8 |    23 |       ||   146
       Flame Wave        |       |       |       |    12 |    72 |     6 |     8 |       ||    98
       Iron Shot         |       |       |       |       |   104 |   496 |   430 |   121 ||  1151
       Inner Flame       |       |       |       |       |     1 |     8 |     8 |       ||    17
       Storm Form        |       |       |       |       |       |     1 |       |       ||     1
       Eringya's Noxious |       |       |       |       |       |       |    42 |    12 ||    54
       Ozocubu's Refrige |       |       |       |       |       |       |   122 |   170 ||   292
       Orb of Destructio |       |       |       |       |       |       |       |     1 ||     1
Invok: Curse Item        |       |       |       |     4 |     2 |     3 |       |       ||     9
 Abil: End Transformatio |       |       |       |       |       |     1 |       |       ||     1
       Blinkbolt         |       |       |       |       |       |     1 |       |       ||     1
Evoke: Wand              |       |       |       |       |       |     3 |     2 |       ||     5
  Use: Scroll            |       |       |       |     7 |     3 |     2 |    11 |     7 ||    30
       Potion            |       |       |       |     4 |       |       |    11 |     7 ||    22
Armor: Robe              |     3 |       |     1 |       |       |       |       |       ||     4
       Leather armour    |       |       |     1 |       |       |       |       |       ||     1
       Ring mail         |       |       |       |    43 |    56 |    33 |    33 |    20 ||   185
       Skin              |       |       |       |       |       |     1 |       |       ||     1
Dodge: Dodged            |    12 |     3 |    15 |    46 |    45 |    44 |    47 |    28 ||   240
Block: Kite shield       |       |       |       |    33 |   343 |   147 |   238 |   194 ||   955
